 Dungeon Crawl Stone Soup version 0.31-a0-844-gdc52ec4e09 (webtiles) character file.

Game seed: 14932301279708900363

23 Dittersdorf the Shield-Bearer (level 2, -1/19 HPs)
             Began as a Gargoyle Fighter on Sept 28, 2023.
             Slain by a worm (9 damage)
             ... on level 2 of the Dungeon.
             The game lasted 00:00:44 (1016 turns).

Dittersdorf the Shield-Bearer (Gargoyle Fighter)    Turns: 1016, Time: 00:00:44

Health: -1/19      AC:  9    Str: 19    XL:     2   Next: 95%
Magic:  2/2        EV:  9    Int:  8    God:
Gold:   7          SH:  9    Dex:  9    Spells: 1/1 levels left

rFire   . . .        a - +0 flail
rCold   + . .        c - +0 buckler
rNeg    + . .        b - +0 scale mail
rPois   ∞            (no helmet)
rElec   +            (no cloak)
rCorr   .            (no gloves)
SInv    .            (no boots)
Will    .....        e - amulet of reflection Stlth
                     g - ring of protection from cold
HPRegen 0.23/turn    (no ring)
MPRegen 0.08/turn

%: reflection
@: no status effects
A: sickness immunity, AC +2, negative energy resistance 1, electricity
resistance, torment resistance 1, petrification resistance
a: no special abilities


You were on level 2 of the Dungeon.
You visited 1 branch of the dungeon, and saw 2 of its levels.

You collected 7 gold pieces.

Inventory:

Hand Weapons
 a - a +0 flail (weapon)
Armour
 b - a +0 scale mail (worn)
 c - a +0 buckler (worn)
Jewellery
 e - an amulet of reflection (around neck)
 g - a ring of protection from cold (left hand)
Scrolls
 f - a scroll of identify {unknown}
 i - 2 scrolls of teleportation {unknown}
Potions
 d - a potion of might
 h - a potion of attraction {unknown}
 j - a potion of curing {unknown}


   Skills:
 + Level 3.5 Fighting
 + Level 2.3 Maces & Flails
 + Level 3.6 Armour
 + Level 3.6 Shields


You had one spell level left.
You didn't know any spells.
Your spell library contained the following spells:

 Spells                   Type           Power      Damage    Failure   Level
 Lesser Beckoning         Tloc           0%         N/A       94%         2
 Gell's Gravitas          Tloc           0%         N/A       99%         3
 Teleport Other           Tloc           0%         N/A       99%         3


Dungeon Overview and Level Annotations

Branches:
Dungeon (2/15)

Altars:


Innate Abilities, Weirdness & Mutations

You are immune to sickness and miasma.
Your stone body is resilient. (AC +2)
You are immune to poison.
You resist negative energy. (rN+)
You are resistant to electric shocks. (rElec)
You are resistant to unholy torment.
You are immune to petrification.


Message History

You thump the worm!
The worm is moderately wounded.
The goblin barely misses you. The worm bites you.
You block the goblin's attack.
You hit the worm but do no damage.
The worm is moderately wounded.
The goblin barely misses you.
You hit the worm.
The worm is severely wounded.
You block the goblin's attack. You block the worm's attack.
You barely miss the worm.
The worm is heavily wounded.
You block the goblin's attack. The worm bites you.
You block the goblin's attack.
You barely miss the worm.
The worm is heavily wounded.
You block the goblin's attack. The worm bites you.
You are too injured to fight recklessly!
You are too injured to fight recklessly!
You are too injured to fight recklessly!
You are too injured to fight recklessly!
You are too injured to fight recklessly!
You are too injured to fight recklessly!
You are too injured to fight recklessly!
You are too injured to fight recklessly!
You are too injured to fight recklessly!
You are too injured to fight recklessly!
You are too injured to fight recklessly!
You are too injured to fight recklessly!
You are too injured to fight recklessly!
You are too injured to fight recklessly!
You are too injured to fight recklessly!
You are too injured to fight recklessly!
You barely miss the worm.
The worm is heavily wounded.
The goblin hits you but does no damage. The worm closely misses you.
You barely miss the worm.
The worm is heavily wounded.
The goblin closely misses you. The worm bites you!
You die...

...# #... #...# #....
#....###### #........#
#.# #...w....# #.#
#...@g...#..#.#
#.#.........#.#
#..######.#.#
#.........#.#######
#.....#####.##.....
#............#.....
....###...###..#.....
...........###..#'##..
#....###....##.....#.#


You could see a worm and a goblin.

Vanquished Creatures
  A worm (D:2)
  A ball python (D:1)
  A bat (D:1)
  3 endoplasms (D:1)
  2 goblins (D:1)
  2 hobgoblins (D:1)
  4 jackals (D:1)
  2 kobolds (D:1)
16 creatures vanquished.

Notes
Turn   | Place    | Note
-------+----------+-------------------------------------------
     0 | D:1      | Dittersdorf the Gargoyle Fighter began the quest for the
                  | Orb.
     0 | D:1      | Reached XP level 1. HP: 14/14 MP: 1/1
   324 | D:1      | Reached XP level 2. HP: 19/19 MP: 2/2
  1016 | D:2      | Slain by a worm

Illustrated notes

Levels and vault maps discovered:
D:1:      dpeg_arrival_boxes_within_box, layout_basic, minmay_curled_crystal,
          grunt_decor_one_mirror
D:2:      layout_basic, shapermc_ecumenical_altar_venn, minmay_pentomino_s2

Action                     || total
---------------------------++-------
  Melee: Flail             ||    73
 Armour: Scale mail        ||    73
  Dodge: Dodged            ||    50
  Block: Buckler           ||    21

Table legend: (Time is in decaauts)
 A = Elapsed time spent in this place.
 B = Non-inter-level travel time spent in this place.
 C = Inter-level travel time spent in this place.
 D = Time resting spent in this place.
 E = Time spent auto-exploring this place.
 F = Levels seen in this place.
 G = Mean time per level.
                   A        B        C        D        E       F      G
               +--------+--------+--------+--------+--------+-----+--------+
         Total |   1038 |   1008 |     30 |      0 |    855 |   2 |  519.0 |
       Dungeon |   1038 |   1008 |     30 |      0 |    855 |   2 |  519.0 |
               +--------+--------+--------+--------+--------+-----+--------+

Top non-repeatable levels by time:
     D:1: 939 daAuts
     D:2: 99 daAuts
